 Dungeon Crawl Stone Soup version 0.19.5 (webtiles) character file.

84 Peloso the Shield-Bearer (level 4, -1/40 HPs)
             Began as a Minotaur Fighter on Mar 11, 2017.
             Slain by Vetiran's ghost (13 damage)
             ... on level 3 of the Dungeon.
             The game lasted 00:03:31 (1512 turns).

Peloso the Shield-Bearer (Minotaur Fighter)         Turns: 1512, Time: 00:03:31

Health: -1/40      AC:  7    Str: 25    XL:     4   Next: 24%
Magic:  3/3        EV:  7    Int:  5    God:
Gold:   83         SH: 10    Dex: 11    Spells: 0 memorised, 3 levels left

rFire  . . .     SeeInvis .     a - +0 long sword
rCold  . . .     Gourm    .     b - +0 scale mail
rNeg   . . .     Faith    .     c - +0 shield
rPois  .         Spirit   .     (helmet restricted)
rElec  .         Reflect  .     (no cloak)
rCorr  .         Harm     .     (no gloves)
MR     .....                    (no boots)
Stlth  ..........               (no amulet)
                                (no ring)
                                (no ring)

@: mighty
A: retaliatory headbutt, horns 2
a: no special abilities


You were on level 3 of the Dungeon.
You were not hungry.

You visited 1 branch of the dungeon, and saw 3 of its levels.

You collected 83 gold pieces.

Inventory:

Hand Weapons
 a - a +0 long sword (weapon)
 m - a +1 short sword of venom
Armour
 b - a +0 scale mail (worn)
 c - a +0 shield (worn)
Scrolls
 i - 4 scrolls of identify {unknown}
 j - a scroll of teleportation {unknown}
 k - a scroll of enchant armour {unknown}
 l - a scroll of fear {unknown}
 n - a scroll of remove curse {unknown}
Potions
 e - a potion of magic {unknown}
 o - a potion of mutation {unknown}
Comestibles
 f - a bread ration
 g - a meat ration
 h - a slice of pizza
 p - 2 chunks of flesh


   Skills:
 + Level 4.2 Fighting
 + Level 3.6 Long Blades
 + Level 4.3 Armour
 + Level 0.2 Dodging
 + Level 0.1 Stealth
 + Level 4.3 Shields


You had 3 spell levels left.
You didn't know any spells.

Dungeon Overview and Level Annotations

Branches:
Dungeon (3/15)

Altars:
Elyvilon
Fedhas
Sif Muna
Trog

Portals:
Sewer: D:3

Annotations:
D:3 Vetiran's ghost, amateur GrFi


Innate Abilities, Weirdness & Mutations

You reflexively headbutt those who attack you in melee.
You have a pair of horns on your head.


Message History

You furiously retaliate!
You headbutt the bat!!
You kill the bat!
You block the ball python's attack. x2; Vetiran's ghost hits you!
You slash Vetiran's ghost!
Vetiran's ghost is moderately damaged.
The ball python bites you but does no damage.
The ball python barely misses you. Vetiran's ghost closely misses you.
You furiously retaliate!
You headbutt Vetiran's ghost!
You riposte.
You closely miss Vetiran's ghost.
Vetiran's ghost is heavily damaged.
Vetiran's ghost hits you.
You hit Vetiran's ghost.
Vetiran's ghost is heavily damaged.
You block the adder's attack. Vetiran's ghost hits you!
* * * LOW HITPOINT WARNING * * *
The adder bites you but does no damage.
You barely miss Vetiran's ghost.
Vetiran's ghost is heavily damaged.
Vetiran's ghost hits you!
You die...

≈≈≈≈≈.. #.....
≈≈∩≈≈..##......
≈≈≈≈≈...#......
.≈≈≈............
................
)......S.....<..
.#.##.Sr$.......
......W@........
.#..#.r......#.
.............#..
##..##........... ...
#.........##
#...##........... ..
##...........#.###
...#.......##>.......#
#.##.#....###........####


You could see Vetiran's ghost, an adder, a river rat, a ball python and a rat.

Vanquished Creatures
  3 gnolls (D:3)
  An ooze (D:2)
  A worm (D:2)
  2 dart slugs
  2 leopard geckos
  An orc (D:3)
  A ball python (D:1)
  6 bats
  A giant cockroach (D:3)
  2 goblins (D:1)
  6 hobgoblins
  5 kobolds
  3 frilled lizards
  7 rats
41 creatures vanquished.

Notes
Turn   | Place    | Note
-------+----------+-------------------------------------------
     0 | D:1      | Peloso the Minotaur Fighter began the quest for the Orb.
     0 | D:1      | Reached XP level 1. HP: 19/19 MP: 0/0
   166 | D:1      | Reached XP level 2. HP: 27/27 MP: 1/1
   703 | D:2      | Reached XP level 3. HP: 33/33 MP: 2/2
   822 | D:2      | Found a bloodstained altar of Trog.
  1100 | D:2      | Found a white marble altar of Elyvilon.
  1280 | D:2      | Found a deep blue altar of Sif Muna.
  1399 | D:3      | Found a blossoming altar of Fedhas.
  1474 | D:3      | Reached XP level 4. HP: 28/40 MP: 3/3
  1502 | D:3      | Noticed Vetiran's ghost (amateur GrFi)
  1505 | D:3      | Found a glowing drain.
  1512 | D:3      | Slain by Vetiran's ghost

Skill      XL: |  1  2  3 |
---------------+----------+-----
Shields        | 4 |  4.3
Armour         | 4 |  4.3
Fighting       | 4 |  4.2
Long Blades    | 3 |  3.6
Dodging        | |  0.2
Stealth        | |  0.1

Action                   |  1- 3 |  4- 6 || total
-------------------------+-------+-------++-------
Melee: Long sword        |    83 |    12 ||    95
       Headbutt          |    13 |       ||    13
  Use: Potion            |       |     1 ||     1
  Eat: Chunk             |     2 |       ||     2
Armor: Scale mail        |    37 |    11 ||    48
Dodge: Dodged            |    21 |     7 ||    28
Block: Shield            |    52 |     9 ||    61
       Rpst.: Long sword |     7 |     3 ||    10
